AoeStats
← Bastonen

Oasis

509133041Analyzed
2v2 RM · 8d ago on Sep 25, 2026· 29m 56s· 4 players
Game mode
Random Map
Map size
Medium (4 player)
Population
200
Speed
Normal
Resources
Standard
Victory
Conquest
Starting age
Dark Age
Ending age
Imperial Age
RankedLock teamsTeams togetherTeam positionsShared explorationLock speedFull tech treeHidden civsTurbo modeCheats
Victory
Defeat
🇦🇷 Koreans · Argentina
1039
+14
🇺🇸 Celts · United States
994
+16
🇪🇸 Britons · Spain
1010
-16
🇪🇸 Romans · Spain
966
-14
jorgersav
9:57 Feudal Age
9:27 Loom
22:17 Castle Age
20:13 Stone Mining
28:08 Double-Bit Axe
Bastonen
1:10 Loom
11:41 Feudal Age
12:13 Horse Collar
13:11 Wheelbarrow
12:27 Double-Bit Axe
21:28 Man-at-Arms
22:02 Fletching
23:44 Forging
gbecerro
0:27 Loom
11:08 Feudal Age
12:14 Double-Bit Axe
13:18 Horse Collar
18:46 Arson
28:38 Castle Age
26:33 Gold Mining
26:35 Stone Mining
26:58 Scale Mail Armor
26:48 Fletching
26:59 Scale Mail Armor
26:42 Man-at-Arms
28:08 Fletching
29:24 Pikeman
29:50 Gambesons
Culona
5:26 Loom
10:48 Feudal Age
21:08 Fletching
23:39 Castle Age
24:36 Double-Bit Axe
24:43 Gold Mining
27:30 Wheelbarrow
29:00 Bodkin Arrow
29:28 Ballistics
29:39 Treadmill Crane
30:32 Eupseong
Connection lost

Rejoining the realm…

Still unreachable

The connection could not be restored.

Session expired

The server has moved on; the page needs a fresh start.